 Dungeon Crawl Stone Soup version 0.30-a0-393-g54b8e3be05 (webtiles) character file.

Game seed: 6289923275862008627

599 freelancePsychic the Purveyor of Pain (level 7, -13/36 HPs)
             Began as a Vine Stalker Necromancer on Dec 6, 2022.
             Was an Initiate of Kikubaaqudgha.
             Mangled by Menkaure (19 damage)
             ... on level 4 of the Dungeon.
             The game lasted 00:08:49 (3546 turns).

freelancePsychic the Purveyor of Pain (VSNe)        Turns: 3546, Time: 00:08:50

Health: -13/36     AC:  3    Str: 11    XL:     7   Next: 41%
Magic:  0/12       EV: 12    Int: 17    God:    Kikubaaqudgha [......]
Gold:   184        SH:  0    Dex: 14    Spells: 8/12 levels left

rFire   . . .      SeeInvis .    k - +0 short sword (freeze)
rCold   . . .      Faith    .    (no shield)
rNeg    . . .      Spirit   +    a - +0 robe
rPois   .          Reflect  .    (no helmet)
rElec   .          Harm     .    (no cloak)
rCorr   .          Rampage  .    d - +0 pair of gloves
Will    .....                    (no boots)
Stlth   ++........               b - amulet of the acrobat
HPRegen 1.06/turn                (no ring)
MPRegen 0.13/turn                (no ring)

@: hasted, very quick
A: fangs 2, regeneration 1, magic shield, antimagic bite, no potion heal 2
a: Renounce Religion


You were on level 4 of the Dungeon.
You worshipped Kikubaaqudgha.
Kikubaaqudgha was noncommittal.
You visited 2 branches of the dungeon, and saw 6 of its levels.

You collected 184 gold pieces.

Inventory:

Hand Weapons
 e - a +0 long sword
 k - a +0 short sword of freezing (weapon)
Missiles
 r - a throwing net
Armour
 a - a +0 robe (worn)
 d - a +0 pair of gloves (worn)
 q - a +0 buckler
Jewellery
 b - an amulet of the acrobat (around neck)
Scrolls
 f - a scroll of blinking
 g - 3 scrolls of identify {@r1}
 m - 3 scrolls of immolation
 o - a scroll of noise
Potions
 c - 3 potions of brilliance {unknown}
 h - 2 potions of curing {@q1}
 j - a potion of cancellation {unknown}
 l - 2 potions of mutation {unknown}
 p - 2 potions of attraction {unknown}
 s - a potion of lignification {unknown}
 t - a potion of ambrosia {unknown}


   Skills:
 + Level 3.4 Fighting
 + Level 2.6 Short Blades
 - Level 1.5 Dodging
 - Level 2.4 Stealth
 - Level 3.1 Spellcasting
 * Level 6.5 Necromancy


You had 8 spell levels left.
You knew the following spells:

 Your Spells              Type           Power      Damage    Failure   Level
a - Necrotise             Necr           100%       1d9       1%          1
b - Vampiric Draining     Necr           25%        2d7       3%          3

Your spell library contained the following spells:

 Spells                   Type           Power      Damage    Failure   Level
 Animate Dead             Necr           25%        N/A       12%         4
 Agony                    Necr           25%        N/A       32%         5
 Anguish                  Hex/Necr       6%         N/A       41%         4
 Summon Guardian Golem    Hex/Summ       2%         N/A       45%         3
 Enfeeble                 Hex            1%         N/A       100%        7
 Orb of Destruction       Conj           1%         9d5       100%        7
 Spellforged Servitor     Conj/Summ      1%         N/A       100%        7


Dungeon Overview and Level Annotations

Branches:
Dungeon (5/15)             Temple (1/1) D:5

Altars:
Cheibriados
Fedhas
Gozag
Hepliaklqana
Kikubaaqudgha
Makhleb
Ru
Sif Muna
Yredelemnul

Shops:
D:4 *

Annotations:
D:4 Menkaure


Innate Abilities, Weirdness & Mutations

You have extremely sharp teeth.
Your natural rate of healing is unusually fast.
When hurt, damage is shared between your health and your magic reserves.
Your bite disrupts and absorbs the magic of your enemies.
Potions cannot restore your health.


Message History

You hit the yak. You freeze the yak. Your bite misses the yak.
The yak is heavily wounded.
The yak barely misses you.
You hit the yak but do no damage. Your bite misses the yak.
The yak is heavily wounded.
The yak gores you!
Casting: Vampiric Draining (dangerous; 4% risk of failure)
Confirm with . or Enter, or press ? or * to list all spells.
Aiming: Vampiric Draining (dangerous; 4% risk of failure)
Press: ? - help, Shift-Dir - straight line, f - yak
Aim: a yak (heavily wounded)
You draw life force from the yak.
You feel life coursing into your body. The yak gores you but does no damage.
Casting: Vampiric Draining (dangerous; 4% risk of failure)
Confirm with . or Enter, or press ? or * to list all spells.
Aiming: Vampiric Draining (dangerous; 4% risk of failure)
Press: ? - help, Shift-Dir - straight line, f/p - yak
Aim: a yak (heavily wounded)
You draw life force from the yak!
You feel life coursing into your body. The yak gores you!
Casting: Vampiric Draining (dangerous; 4% risk of failure)
Confirm with . or Enter, or press ? or * to list all spells.
Aiming: Vampiric Draining (dangerous; 4% risk of failure)
Press: ? - help, Shift-Dir - straight line, f/p - yak
Aim: a yak (severely wounded)
You draw life force from the yak!
You feel life coursing into your body. The yak gores you!
You hit the yak. You freeze the yak.
You kill the yak!
Kikubaaqudgha accepts your kill.
Menkaure gestures at you while chanting.
Pain shoots through your body!
* * * LOW HITPOINT WARNING * * *
You feel yourself speed up.
You barely miss Menkaure. Menkaure closely misses you.
You hit Menkaure but do no damage. Your punch misses Menkaure.
Menkaure hits you!!
Ouch! That really hurt!
You die...
Kikubaaqudgha rasps: "You have failed me!
Welcome... death!"

## .# .# .## ..# ######
..######### #....# #
..........# #....# #
#........[# ### #....# #
#.........# #@# #....# #
##........# #M###..### #
##........######.##...# #
.#...................## #####
..........###........#
#####....
...........##.....>..#
#.....###
##.........##........## #.###.#
#.........##.........###.###.#
#.#..####..#.................##


You could see Menkaure (fast).

Vanquished Creatures
  A yak (D:4)
  A water moccasin (D:5)
  2 phantoms
  A jelly (D:5)
  A hound (D:5)
  An iguana (D:4)
  An orc wizard (D:5)
  3 adders
  A shadow imp (D:5)
  A worm (D:4)
  2 dart slugs
  4 orcs
  5 bats
  3 endoplasms
  A giant cockroach (D:2)
  5 hobgoblins
  3 jackals (D:2)
  A quokka (D:1)
  3 ball pythons (D:1)
  3 frilled lizards
  4 goblins
  4 kobolds
  4 rats
55 creatures vanquished.

Vanquished Creatures (collateral kills)
  A goblin (D:1)
  A ball python (D:1)
  A bat (D:1)
  A rat (D:2)
4 creatures vanquished.

Grand Total: 59 creatures vanquished

Notes
Turn   | Place    | Note
-------+----------+-------------------------------------------
     0 | D:1      | freelancePsychic the Vine Stalker Necromancer began the
                  | quest for the Orb.
     0 | D:1      | Reached XP level 1. HP: 9/9 MP: 4/4
   351 | D:1      | Reached XP level 2. HP: 14/14 MP: 4/6
   992 | D:2      | Reached skill level 1 in Fighting
  1069 | D:2      | Reached XP level 3. HP: 18/18 MP: 2/8
  1379 | D:2      | Found a basalt altar of Yredelemnul.
  1733 | D:3      | Learned a level 3 spell: Vampiric Draining
  1824 | D:3      | Found a burning altar of Makhleb.
  1847 | D:3      | Gained mutation: Your natural rate of healing is unusually
                  | fast. [Vine Stalker growth]
  1847 | D:3      | Reached XP level 4. HP: 22/22 MP: 6/9
  1898 | D:3      | Noticed a great orb of eyes
  1900 | D:3      | Found a faded altar of an unknown god.
  1901 | D:3      | Noticed a shining eye
  1901 | D:3      | Noticed an eye of devastation
  1901 | D:3      | Noticed a great orb of eyes
  2598 | D:4      | Noticed Menkaure
  2650 | D:4      | Noticed a phantom
  2660 | D:5      | Entered Level 5 of the Dungeon
  2660 | D:5      | Noticed a water moccasin
  2678 | D:5      | Noticed a black bear
  2692 | D:5      | Found a staircase to the Ecumenical Temple.
  2699 | D:5      | Noticed a phantom
  2701 | Temple   | Entered the Ecumenical Temple
  2721 | Temple   | Became a worshipper of Kikubaaqudgha
  2736 | D:5      | Noticed a yak
  2736 | D:5      | Noticed a yak
  2765 | D:5      | Reached skill level 5 in Necromancy
  2765 | D:5      | Reached XP level 5. HP: 10/26 MP: 0/10
  2774 | D:5      | Reached skill level 1 in Short Blades
  2910 | D:4      | Killed a phantom
  2911 | D:4      | Reached XP level 6. HP: 32/32 MP: 11/11
  2932 | D:4      | Found Tiefesch's Assorted Antiques.
  3235 | D:5      | Killed a water moccasin
  3236 | D:5      | Reached skill level 6 in Necromancy
  3326 | D:5      | Reached XP level 7. HP: 25/36 MP: 8/12
  3374 | D:5      | Noticed a yak
  3543 | D:4      | Killed a yak
  3546 | D:4      | Mangled by Menkaure

Illustrated notes

Levels and vault maps discovered:
D:1:      minmay_arrival_three_doors, layout_loops_ring, st_stairs_8
D:2:      layout_rooms, basic_altar, uniq_crazy_yiuf_cottage
D:3:      layout_basic, old_standard_altar,
          hellmonk_ecumenical_altar_watching_god
D:4:      layout_rooms, serial_shops, nicolae_shop_stone, minmay_ogre_servants,
          uniq_robin, uniq_menkaure
D:5:      layout_rooms, minmay_temple_entry_waves, serial_shops,
          nicolae_shop_trees
Temple:   mainiacjoe_temple_coin_purse

Skill      XL: |  1  2  3  4  5  6 |
---------------+-------------------+-----
Fighting       | 1 2 3 |  3.4
Spellcasting   | 3 |  3.1
Necromancy     | 5 6 |  6.5
Short Blades   | 1 2 |  2.6
Dodging        | |  1.5
Stealth        | |  2.4

Action                   |  1- 3 |  4- 6 |  7- 9 || total
-------------------------+-------+-------+-------++-------
Melee: Unarmed           |    10 |       |       ||    10
       Long sword        |     9 |       |       ||     9
       Bite              |     3 |    31 |     4 ||    38
       Short sword       |    19 |   113 |    12 ||   144
       Punch             |     1 |     3 |       ||     4
 Cast: Necrotise         |    58 |    31 |       ||    89
       Vampiric Draining |       |     8 |     3 ||    11
  Use: Scroll            |     1 |     9 |       ||    10
       Potion            |       |     3 |     1 ||     4
 Stab: Sleeping          |     1 |       |       ||     1
Armor: Robe              |    25 |    16 |     2 ||    43
Dodge: Dodged            |    40 |    56 |     6 ||   102

Table legend: (Time is in decaauts)
 A = Elapsed time spent in this place.
 B = Non-inter-level travel time spent in this place.
 C = Inter-level travel time spent in this place.
 D = Time resting spent in this place.
 E = Time spent auto-exploring this place.
 F = Levels seen in this place.
 G = Mean time per level.
                   A        B        C        D        E       F      G
               +--------+--------+--------+--------+--------+-----+--------+
         Total |   3524 |   3433 |     91 |    100 |   2680 |   6 |  587.3 |
       Dungeon |   3494 |   3411 |     83 |    100 |   2671 |   5 |  698.8 |
        Temple |     29 |     21 |      8 |      0 |      9 |   1 |   29.0 |
               +--------+--------+--------+--------+--------+-----+--------+

Top non-repeatable levels by time:
     D:3: 857 daAuts
     D:1: 818 daAuts
     D:2: 817 daAuts
     D:4: 586 daAuts
     D:5: 413 daAuts
  Temple: 29 daAuts
